AoeStats
← HENDRIXarg2502

Arabia

510049632Analyzed
1v1 RM · 4d ago on Sep 29, 2026· 24m 40s· 2 players
Game mode
Random Map
Map size
Tiny (2 player)
Population
200
Speed
Normal
Resources
Standard
Victory
Conquest
Starting age
Dark Age
Ending age
Imperial Age
RankedLock teamsTeams togetherTeam positionsShared explorationLock speedFull tech treeHidden civsTurbo modeCheats
Victory
Defeat
🇦🇷 Teutons · Argentina
1130
+16
🇨🇳 Huns · China
1140
-16
HENDRIXarg2502
7:12 Loom
10:06 Feudal Age
21:01 Scale Mail Armor
25:12 Wheelbarrow
放心鱼
2:35 Loom
14:12 Feudal Age
15:37 Double-Bit Axe
15:32 Horse Collar
17:05 Scale Barding Armor
18:26 Forging
20:04 Bloodlines
20:40 Gold Mining
24:38 Castle Age
Connection lost

Rejoining the realm…

Still unreachable

The connection could not be restored.

Session expired

The server has moved on; the page needs a fresh start.